AoeStats
← TheQuietRiot

Enclosed

506532799Analyzed
1v1 RM · 19d ago on Sep 13, 2026· 48m 42s· 2 players
Game mode
Random Map
Map size
Tiny (2 player)
Population
200
Speed
Normal
Resources
Standard
Victory
Conquest
Starting age
Dark Age
Ending age
Imperial Age
RankedLock teamsTeams togetherTeam positionsShared explorationLock speedFull tech treeHidden civsTurbo modeCheats
Victory
Defeat
🇺🇸 Persians · United States
995
+15
🇬🇧 Teutons · United Kingdom
968
-15
TheQuietRiot
10:43 Feudal Age
10:34 Loom
11:15 Double-Bit Axe
18:50 Castle Age
18:04 Stone Mining
18:07 Gold Mining
17:57 Horse Collar
19:01 Bloodlines
19:07 Forging
22:49 Heavy Plow
24:17 Town Watch
25:23 Wheelbarrow
25:51 Bow Saw
26:41 Pikeman
30:48 Stone Shaft Mining
31:10 Guard Tower
33:51 Hand Cart
33:59 Hand Cart
33:44 Town Patrol
34:26 Iron Casting
38:29 Imperial Age
37:22 Scale Barding Armor
37:08 Fletching
37:33 Masonry
37:44 Ballistics
37:38 Masonry
37:31 Elite Skirmisher
39:34 Cavalier
41:36 Chemistry
40:43 Siege Engineers
43:02 Two-Man Saw
arviper14
6:52 Loom
9:55 Feudal Age
10:21 Double-Bit Axe
14:12 Horse Collar
17:02 Gold Mining
18:26 Wheelbarrow
20:29 Castle Age
18:42 Scale Barding Armor
18:47 Forging
19:18 Bloodlines
21:30 Padded Archer Armor
23:50 Gold Shaft Mining
24:31 Hand Cart
24:09 Town Watch
25:38 Bow Saw
26:15 Chain Barding Armor
27:54 Iron Casting
29:29 Stone Mining
29:19 Pikeman
30:00 Squires
30:03 Scale Mail Armor
29:54 Fletching
30:20 Leather Archer Armor
34:53 Imperial Age
33:05 Crossbowman
33:51 Thumb Ring
34:24 Bow Saw
34:43 Kamandaran
35:25 Chain Mail Armor
35:01 Halberdier
36:31 Arson
36:46 Bodkin Arrow
38:28 Chemistry
37:48 Ballistics
38:23 Conscription
38:11 Capped Ram
39:27 Murder Holes
39:42 Masonry
39:55 Siege Ram
41:21 Ring Archer Armor
41:27 Heavy Plow
42:31 Citadels
46:06 Plate Mail Armor
46:37 Blast Furnace
46:14 Plate Barding Armor
49:17 Husbandry
Connection lost

Rejoining the realm…

Still unreachable

The connection could not be restored.

Session expired

The server has moved on; the page needs a fresh start.